 Dungeon Crawl Stone Soup version 0.17-a0-1435-geafbe2f (webtiles) character file.

180595 abixa the Severer (level 17, 0/166 HPs)
             Began as a Minotaur Gladiator on June 26, 2015.
             Was the Champion of Okawaru.
             Slain by a shock serpent (10 damage)
             ... on level 4 of the Snake Pit.
             The game lasted 02:27:12 (34946 turns).

abixa the Severer (Minotaur Gladiator)             Turns: 34946, Time: 02:27:13

Health: 0/166      AC: 37    Str: 22    XL:     17   Next: 65%
Magic:  20/20      EV: 10    Int:  5    God:    Okawaru [******]
Gold:   3208       SH:  0    Dex: 16    Spells: 4 memorised, 10 levels left

rFire  + . .     SeeInvis .     a - +6 battleaxe "Oddimnei" {speed, rC+}
rCold  + + +     Clarity  .     C - +5 crystal plate armour {rC+}
rNeg   + . .     SustAt   .     (no shield)
rPois  +         Gourm    .     m - +0 hat {MR+}
rElec  .         Spirit   .     Y - +2 cloak {MR+}
rCorr  .         Warding  .     K - -3 pair of gloves of Fisaudd {+Blink rPois rC+}
rMut   .         Stasis   .     z - +1 pair of boots {run}
MR     +++..                    Q - amulet of faith
Stlth  ..........               V - ring of protection from fire
                                r - ring of positive energy

@: about to teleport, quick, extremely resistant to hostile enchantments,
extremely unstealthy
A: retaliatory headbutt, horns 2
a: Heroism, Finesse, Renounce Religion, Evoke Blink


You were on level 4 of the Snake Pit.
You worshipped Okawaru.
Okawaru was exalted by your worship.
You were very hungry.

You visited 5 branches of the dungeon, and saw 32 of its levels.
You also visited: Labyrinth, Sewer and Ice Cave.

You collected 3260 gold pieces.
You spent 52 gold pieces at shops.

Inventory:

Hand weapons
 a - the +6 battleaxe "Oddimnei" (weapon) {speed, rC+}
   (Okawaru gifted it to you on level 3 of the Snake Pit)

   Attacks with this weapon are significantly faster.
   It protects you from cold.
 c - a +3 blowgun
 H - a +2 arbalest of flaming
 I - the +9 glaive of False Accusations {flame, rC++ MP-9 Int+3}
   (Okawaru gifted it to you on level 3 of the Lair of Beasts)

   It has been specially enchanted to burn those struck by it, causing extra
   injury to most foes and up to half again as much damage against particularly
   susceptible opponents.
   Big, fiery blades are also staple armaments of hydra-hunters.
   It affects your intelligence (+3).
   It greatly protects you from cold.
   It affects your magic capacity (-9).
Missiles
 d - 5 throwing nets (quivered)
 e - 43 bolts of penetration
 g - 22 steel bolts
 k - 389 bolts
 o - 6 curare-tipped needles
 v - 31 bolts of frost
 E - 8 javelins of returning
 S - 17 bolts of flame
Armour
 m - a +0 hat of magic resistance (worn)
 z - a +1 pair of boots of running (worn)
 C - a +5 crystal plate armour of cold resistance (worn)
 K - the -3 pair of gloves of Fisaudd (worn) {+Blink rPois rC+}
   (Okawaru gifted it to you on level 1 of the Lair of Beasts)

   It protects you from cold.
   It protects you from poison.
   It lets you blink.
 P - a +2 pair of gloves of strength
 Y - a +2 cloak of magic resistance (worn)
Jewellery
 r - a ring of positive energy (left hand)
 w - an uncursed ring of protection from cold
 y - an uncursed ring of see invisible
 D - an uncursed amulet of guardian spirit
 M - an uncursed ring of sustain attributes
 Q - an amulet of faith (around neck)
 U - an uncursed ring of magical power
 V - a ring of protection from fire (right hand)
 W - an uncursed ring of flight
Magical devices
 i - a wand of digging (7)
 O - a wand of enslavement (18)
Scrolls
 b - a scroll of enchant armour
 f - 5 scrolls of magic mapping
 p - 2 scrolls of identify
 B - 4 scrolls of holy word
 F - a scroll of summoning
 J - 14 scrolls of remove curse
 L - 8 scrolls of teleportation
 R - a scroll of silence {unknown}
 T - 4 scrolls of fear
 X - 7 scrolls of blinking
Potions
 h - 2 potions of invisibility
 j - 16 potions of curing
 l - a potion of ambrosia
 q - 4 potions of flight
 s - 6 potions of might
 u - 5 potions of cancellation
 A - 15 potions of agility
 N - a potion of brilliance
Comestibles
 t - 2 fruits
 x - 13 slices of pizza
 G - a royal jelly
 Z - a meat ration


   Skills:
 + Level 18.4 Fighting
 - Level 20.0 Axes
 - Level 8.0 Crossbows
 - Level 2.0 Throwing
 - Level 20.0 Armour
 - Level 10.0 Dodging
 - Level 6.0 Invocations


You had 10 spell levels left.
You knew the following spells:

 Your Spells              Type           Power        Failure   Level  Hunger
a - Apportation           Tloc           #.........   100%        1    ##.....
b - Summon Butterflies    Summ           #.......     100%        1    ##.....
c - Blink                 Tloc           N/A          100%        2    ###....
d - Repel Missiles        Chrm/Air       #.....       100%        2    ###....


Dungeon Overview and Level Annotations

Branches:
Dungeon (15/15)            Temple (1/1) D:5            Lair (8/8) D:10
 Shoals (0/4) Lair:5        Snake (4/4) Lair:3        Slime (0/6) Lair:6
    Orc (4/4) D:12            Elf (0/3) Orc:3        Vaults (0/5) D:14
 Depths (0/5) D:15

Altars:
Ashenzari
Cheibriados
Dithmenos
Elyvilon
Fedhas
Gozag
Kikubaaqudgha
Makhleb
Nemelex Xobeh
Okawaru
Qazlal
Ru
Sif Muna
Trog
Vehumet
Xom
Yredelemnul
Zin
The Shining One
Beogh

Shops:
D:11 (   D:14 (   Orc:1 (   Orc:3 %   Orc:4 :=%

Annotations:
D:10 nuthulu's ghost, powerful MfGl
D:15 wand of digging, javelins


Innate Abilities, Weirdness & Mutations

You reflexively headbutt those who attack you in melee.
You have a pair of horns on your head.


Message History

Unknown command.
Press: ? - help, v - describe, . - travel
Here: a shock serpent (heavily wounded)
The floor, spattered with blood.
Unknown command.
Drink which item? (? for menu, Esc to quit)
Okay, then.
Read which item? (? for menu, Esc to quit)
As you read the scroll of teleportation, it crumbles to dust.
You feel strangely unstable.
The shock serpent shoots out a bolt of lightning at you!
The bolt of electricity hits you!
* * * LOW HITPOINT WARNING * * *
The shock serpent shoots out a bolt of lightning at you!
The bolt of electricity hits you!
* * * LOW HITPOINT WARNING * * *
The shock serpent bites you!
* * * LOW HITPOINT WARNING * * *
The shock serpent shocks you!
You die... ..........##+#........ .........#..#.......# .### #......##)#[.......
SN...

#####......†))<)......
......#..###.)...)))).......
≈≈≈≈≈.'..##.............##.#
≈≈≈≈≈.'....).....##+#+### .
≈≈≈≈≈.'..S.......#
......#..S@......#
SN...###.........# .###.
#.........# . ...........#
## ............#
...............#
................
....####''##)..


You could see 2 shock serpents.

Vanquished Creatures
  Rupert (D:13)
  Agnes (D:15)
  Frances (D:14)
  8 greater nagas
  A fire giant (D:15)
  Maud (Lair:4)
  Aizul (Snake:2)
  Azrael (D:12)
  A deep elf death mage (D:15)
  A minotaur (Lab)
  2 vault guards (D:14)
  A fire dragon (Lair:8)
  Erolcha (D:9)
  8 hydras
  10 naga warriors
  An ogre mage (D:15)
  3 centaur warriors (D:15)
  13 anacondas
  A catoblepas (D:15)
  The ghost of panicbit the Cleaver, an experienced MiFi of Okawaru (D:9)
  12 death yaks
  4 orc high priests (Orc:4)
  9 naga sharpshooters
  Urug (Lair:1)
  4 shock serpents
  2 fire crabs
  A deep elf knight (D:15)
  2 ice devils (IceCv)
  3 salamander mystics
  4 sea snakes
  5 hill giants
  2 naga ritualists
  2 ice statues (IceCv)
  4 unseen horrors
  Pikel (D:7)
  A cyclops (D:14)
  7 mana vipers
  A lindwurm (Lair:7)
  16 ugly things
  2 necromancers (D:14)
  5 orc knights
  A wolf spider (D:15)
  13 salamanders
  5 orc sorcerers (Orc:4)
  32 black mambas
  12 elephants
  10 naga magi
  3 sirens (Lair:5)
  7 guardian serpents
  2 torpor snails
  6 fire drakes
  16 spiny frogs
  4 wandering mushrooms (Lab)
  A redback zombie (D:14)
  10 komodo dragons
  A yaktaur (D:14)
  A freezing wraith (D:15)
  7 blue devils (IceCv)
  A minotaur zombie (Lab)
  7 trolls
  7 two-headed ogres
  A deep elf priest (D:15)
  21 blink frogs
  A polar bear (Lair:3)
  A merfolk (Lair:5)
  12 slime creatures
  A trapdoor spider zombie (D:11)
  A shadow (D:12)
  2 deep elf magi (Orc:3)
  A trapdoor spider (D:14)
  4 wyverns
  58 yaks
  20 humans (D:14)
  A steam dragon (D:10)
  4 wasps
  4 basilisks
  7 hippogriffs
  7 vampire mosquitoes
  A deep elf fighter (D:15)
  3 fire elementals (D:13)
  2 wraiths
  A hungry ghost (D:13)
  A warg (Orc:3)
  A mottled dragon (Lair:8)
  7 wolves
  13 water moccasins
  26 orc warriors
  A soldier ant (D:11)
  40 nagas
  12 porcupines
  4 hell hounds
  4 sky beasts
  A phantom (D:5)
  A slave (D:7)
  3 swamp drakes
  6 black bears
  3 eyes of draining
  A necrophage (D:11)
  12 centaurs
  An ice beast (D:8)
  18 ogres
  14 crocodiles
  21 giant frogs
  3 big kobolds
  4 scorpions
  3 electric eels
  2 quasits
  14 wights
  5 crimson imps
  A wasp zombie (D:12)
  A giant frog zombie (D:12)
  6 centaur skeletons
  6 jellies
  2 centaur zombies
  16 orc priests
  A gnoll shaman (D:5)
  6 hounds
  3 giant frog skeletons
  An iron imp (Orc:3)
  39 orc wizards
  10 iguanas
  23 sheep
  9 worker ants
  A hound zombie (D:11)
  A hound skeleton (D:6)
  Robin (D:3)
  51 river rats
  15 adders
  12 gnolls
  5 shadow imps
  11 white imps
  3 ufetubi (IceCv)
  5 oozes
  An adder skeleton (D:9)
  2 worms
  152 orcs
  A ball python (D:4)
  18 bats
  5 giant cockroaches
  22 hobgoblins
  30 kobolds
  3 quokkas
  7 giant geckos
  3 giant newts
  34 goblins
  3 jackals (D:6)
  A jackal zombie (D:5)
  10 rats
  9 fungi
  9 plants
1205 creatures vanquished.

Vanquished Creatures (others)
  A black mamba (Snake:1)
  A slave (D:7)
  An orc wizard (Orc:3)
  4 ufetubi (IceCv)
  A goblin (D:7)
  A hobgoblin (D:7)
  8 fungi
  5 plants
22 creatures vanquished.

Grand Total: 1227 creatures vanquished

Notes
Turn   | Place    | Note
--------------------------------------------------------------
     0 | D:1      | abixa the Minotaur Gladiator began the quest for the Orb.
     0 | D:1      | Reached XP level 1. HP: 18/18 MP: 0/0
    47 | D:1      | Reached skill level 4 in Axes
    97 | D:1      | Reached XP level 2. HP: 25/25 MP: 1/1
   271 | D:1      | Reached skill level 5 in Axes
   271 | D:1      | Reached XP level 3. HP: 21/30 MP: 2/2
   516 | D:2      | Found a white marble altar of Elyvilon.
   559 | D:2      | Reached XP level 4. HP: 27/37 MP: 3/3
   616 | D:2      | Reached skill level 6 in Axes
  1114 | D:3      | Noticed Robin
  1121 | D:3      | Killed Robin
  1245 | D:3      | Reached XP level 5. HP: 39/42 MP: 4/4
  1253 | D:3      | Reached skill level 7 in Axes
  2027 | D:4      | Noticed an ogre
  2064 | D:3      | Reached skill level 8 in Axes
  2064 | D:3      | Reached XP level 6. HP: 47/50 MP: 5/5
  2090 | D:4      | Found a staircase to the Ecumenical Temple.
  2136 | D:4      | Found a glowing drain.
  2166 | Sewer    | Entered a sewer
  2329 | Sewer    | Noticed Purgy
  2330 | Sewer    | Noticed Purgy
  2330 | Sewer    | Purgy changed into Purgy the wyvern
  2334 | Sewer    | Killed Purgy the wyvern
  2511 | D:4      | Found a stormy altar of Qazlal.
  2569 | D:4      | Reached XP level 7. HP: 57/57 MP: 6/6
  2766 | D:4      | Killed an ogre
  2766 | D:4      | Reached skill level 9 in Axes
  3070 | D:4      | You fall through a shaft!
  3070 | D:5      | Entered Level 5 of the Dungeon
  3477 | D:5      | Found a staircase to the Ecumenical Temple.
  3489 | Temple   | Entered the Ecumenical Temple
  3552 | Temple   | Became a worshipper of Warmaster Okawaru
  3933 | D:5      | Reached skill level 5 in Fighting
  3933 | D:5      | Reached XP level 8. HP: 66/68 MP: 7/7
  3970 | D:5      | Found a shimmering altar of Xom.
  4255 | D:6      | Reached skill level 5 in Armour
  4315 | D:6      | Acquired Okawaru's first power
  4338 | D:6      | Found an opulent altar of Gozag.
  4338 | D:6      | Found a glowing silver altar of Zin.
  4544 | D:6      | Reached skill level 10 in Axes
  4805 | D:7      | Noticed Pikel
  4837 | D:7      | Killed Pikel
  4837 | D:7      | Reached XP level 9. HP: 58/78 MP: 4/9
  5808 | D:8      | Reached skill level 11 in Axes
  6160 | D:8      | Noticed a four-headed hydra
  6169 | D:8      | Killed a one-headed hydra
  6169 | D:8      | Reached XP level 10. HP: 60/91 MP: 9/12
  6303 | D:8      | Found a bloodstained altar of Trog.
  6311 | D:8      | Reached skill level 12 in Axes
  6321 | D:8      | Found a basalt altar of Yredelemnul.
  6557 | D:9      | Noticed panicbit's ghost (experienced MiFi)
  6625 | D:9      | Killed panicbit's ghost
  6946 | D:9      | Noticed Erolcha
  6957 | D:9      | Killed Erolcha
  6957 | D:9      | Reached skill level 10 in Fighting
  6957 | D:9      | Reached skill level 10 in Armour
  7269 | D:9      | Acquired Okawaru's second power
  7384 | D:9      | Reached skill level 13 in Axes
  7608 | D:10     | Entered Level 10 of the Dungeon
  7608 | D:10     | Noticed a hill giant
  7786 | D:10     | Noticed nuthulu's ghost (powerful MfGl)
  7954 | D:10     | Killed a hill giant
  7954 | D:10     | Received a gift from Okawaru
  7954 | D:10     | Reached XP level 11. HP: 67/99 MP: 8/13
  8092 | D:10     | Found a staircase to the Lair.
  8129 | Lair:1   | Entered Level 1 of the Lair of Beasts
  8306 | Lair:1   | Noticed Urug
  8317 | Lair:1   | Killed Urug
  8317 | Lair:1   | Received a gift from Okawaru
  8317 | Lair:1   | Reached skill level 5 in Dodging
  8350 | Lair:1   | Got a pair of scorched gloves {god gift}
  8498 | Lair:1   | Reached skill level 14 in Axes
  8729 | Lair:1   | Identified the -3 pair of gloves of Fisaudd {+Blink rPois rC+} (Okawaru gifted it to you on level 1 of the Lair of Beasts)
  9442 | D:10     | Noticed Psyche
  9607 | D:11     | Killed an unseen horror
  9607 | D:11     | Reached skill level 15 in Axes
  9666 | D:11     | Found Hal Meth's Weapon Boutique.
  9690 | D:11     | Killed an unseen horror
  9949 | D:11     | Bought a +0 hand crossbow for 52 gold pieces
 10121 | D:10     | Reached skill level 1 in Crossbows
 10498 | D:10     | Noticed Psyche
 10498 | D:10     | Psyche changed into Psyche the steam dragon
 10508 | D:10     | Killed Psyche the steam dragon
 10621 | D:7      | Learned a level 1 spell: Apportation
 10623 | D:7      | Learned a level 1 spell: Summon Butterflies
 11285 | Lair:2   | Reached XP level 12. HP: 91/106 MP: 11/14
 11286 | Lair:2   | Reached skill level 5 in Crossbows
 11472 | Lair:2   | Noticed a six-headed hydra
 11482 | Lair:2   | Killed a three-headed hydra
 11952 | Lair:3   | Received a gift from Okawaru
 12019 | Lair:3   | Got a warped glaive {god gift}
 12846 | Lair:3   | Found a staircase to the Snake Pit.
 13326 | Lair:2   | Noticed a seven-headed hydra
 13731 | D:12     | Found a staircase to the Orcish Mines.
 14006 | D:12     | Reached skill level 10 in Dodging
 14656 | D:13     | Noticed Azrael
 14696 | Orc:1    | Entered Level 1 of the Orcish Mines
 14842 | Orc:1    | Reached skill level 5 in Invocations
 14928 | Orc:1    | Found Cilumit's Antique Weapon Shop.
 14971 | Orc:1    | Reached XP level 13. HP: 78/116 MP: 12/15
 15728 | Orc:3    | Found a staircase to the Elven Halls.
 15737 | Orc:3    | Found Peirud's Food Emporium.
 15804 | Orc:3    | Found a frozen archway.
 15843 | IceCv    | Entered an ice cave
 16153 | IceCv    | Received a gift from Okawaru
 16306 | IceCv    | Received a gift from Okawaru
 16989 | Orc:3    | Reached skill level 16 in Axes
 17009 | Orc:3    | Learned a level 2 spell: Blink
 17012 | Orc:3    | Learned a level 2 spell: Repel Missiles
 17360 | Orc:4    | Entered Level 4 of the Orcish Mines
 17676 | Orc:4    | Found a roughly hewn altar of Beogh.
 17688 | Orc:4    | Paralysed by an orc sorcerer for 6 turns
 18404 | Lair:4   | Noticed Maud
 18424 | Lair:4   | Killed Maud
 19288 | Lair:5   | Reached skill level 17 in Axes
 19311 | Lair:5   | Found a staircase to the Shoals.
 19569 | Lair:5   | Received a gift from Okawaru
 20144 | Lair:6   | Reached XP level 14. HP: 117/126 MP: 17/17
 20148 | Lair:6   | Found a staircase to the Slime Pits.
 20888 | Lair:7   | Received a gift from Okawaru
 21462 | Lair:8   | Entered Level 8 of the Lair of Beasts
 21485 | Lair:8   | Reached skill level 18 in Axes
 22928 | Lair:8   | Received a gift from Okawaru
 23198 | Lair:8   | Reached skill level 19 in Axes
 24180 | Orc:4    | Reached skill level 15 in Armour
 24180 | Orc:4    | Reached XP level 15. HP: 123/132 MP: 16/18
 24259 | Orc:4    | Found Kidodghaed's Book Shop.
 24631 | Orc:4    | Received a gift from Okawaru
 24693 | Orc:4    | Found Xeimio's Jewellery Shop.
 24695 | Orc:4    | Found Ganorch's Food Emporium.
 24695 | Orc:4    | Found Pehausse's Gadget Emporium.
 25102 | D:13     | Noticed Rupert
 25115 | D:13     | Killed Rupert
 25191 | D:13     | Found a snail-covered altar of Cheibriados.
 25464 | D:12     | Killed Azrael
 25725 | D:14     | Found Sirghodgh's Antique Weapon Shop.
 25822 | D:14     | Noticed Frances
 25831 | D:14     | Killed Frances
 25831 | D:14     | Received a gift from Okawaru
 25843 | D:14     | Identified a +1 pair of boots of running (Okawaru gifted it to you on level 14 of the Dungeon)
 25892 | D:14     | Got a polished plate armour
 26190 | D:14     | Reached skill level 20 in Axes
 26670 | D:14     | Found a gate to the Vaults.
 26693 | D:14     | Identified the cursed +0 plate armour "Padiasy" {rN+ rCorr Int+2} (You found it on level 14 of the Dungeon)
 26880 | D:15     | Entered Level 15 of the Dungeon
 26969 | D:15     | Found a labyrinth entrance.
 27052 | Lab      | Entered a labyrinth
 27113 | Lab      | Identified the +9 glaive of False Accusations {flame, rC++ MP-9 Int+3} (Okawaru gifted it to you on level 3 of the Lair of Beasts)
 27410 | D:15     | Found a staircase to the Depths.
 27426 | D:15     | Reached XP level 16. HP: 131/139 MP: 17/19
 27447 | D:15     | Noticed Agnes
 27470 | D:15     | Killed Agnes
 27553 | D:15     | Found a glowing golden altar of the Shining One.
 27882 | D:15     | Received a gift from Okawaru
 28731 | Snake:1  | Entered Level 1 of the Snake Pit
 29433 | Snake:1  | Received a gift from Okawaru
 29718 | Snake:1  | Received a gift from Okawaru
 29880 | Snake:1  | Received a gift from Okawaru
 31373 | Snake:2  | Reached skill level 15 in Fighting
 31537 | Snake:2  | Received a gift from Okawaru
 31694 | Snake:2  | Reached XP level 17. HP: 144/156 MP: 20/20
 32427 | Snake:2  | Noticed Aizul
 32454 | Snake:2  | Killed Aizul
 33205 | Snake:2  | Found a burning altar of Makhleb.
 34009 | Snake:3  | Found a shimmering altar of Xom.
 34141 | Snake:3  | Received a gift from Okawaru
 34341 | Snake:3  | Received a gift from Okawaru
 34354 | Snake:3  | Got an iridescent battleaxe {god gift}
 34355 | Snake:3  | Identified the +6 battleaxe "Oddimnei" {speed, rC+} (Okawaru gifted it to you on level 3 of the Snake Pit)
 34472 | Snake:4  | Entered Level 4 of the Snake Pit
 34946 | Snake:4  | Slain by a shock serpent

Vault maps used:
D:1:      dpeg_arrival_lava_temple_mockup
D:2:      elyvilon_altar_5, minmay_bad_closet
D:3:      first_bread, uniq_robin
D:4:      kennysheep_mini, minmay_temple_entry_hall, gup_sewer_entry_glass,
          minmay_three_crescents
D:5:      kennysheep_mini_moat, minmay_temple_entry_overgrown, serial_aquarium,
          aquarium_bridge_square, aquarium_bridge_square, aquarium_window_1,
          aquarium_window_corner, aquarium_window_2, aquarium_window_3,
          aquarium_view_2d, aquarium_view_2e, aquarium_balcony_3b
D:6:      grunt_temple_overflow_gold_and_silver
D:7:      uniq_pikel
D:8:      trog_ov_bears_minmay, nicolae_overflow_hidden_temple
D:9:      uniq_erolcha
D:10:     dpeg_oklobed_lair, uniq_psyche
D:11:     serial_shops, nicolae_shop_waterfront
D:12:     orc_0_dummy
D:13:     grunt_pizzeria, cheibriados_altar_1, uniq_rupert, uniq_azrael
D:14:     grunt_vaults_entry_tiered, serial_shops,
          nicolae_shop_overgrown_old_shop, infiniplex_staircase_zigzag_2,
          uniq_frances
D:15:     grunt_enter_depths_giant_problem, nicolae_tso_carved_into_rock,
          lab_entry_generic, uniq_agnes
Temple:   triangle_lava_temple_12
Lair:1:   guppyfry_lair_drakes, grunt_megastairs_1, uniq_urug
Lair:2:   minivault_11, nicolae_quartered_pool_little,
          grunt_forest_small_clearings, grunt_megastairs_5
Lair:3:   gammafunk_lair_bear_cave, minmay_snake_entry_guardpost_small,
          bh_autumn_forest_stairs
Lair:4:   lemuel_fruit_fields, uniq_maud
Lair:5:   elwin_shoals_entry_stream
Lair:6:   nicolae_slime_entry_slimehenge
Lair:8:   guppyfry_lair_end_dragon, hangedman_lair_in_review
Snake:1:  kennysheep_snake
Snake:2:  basic_altar, grunt_megastairs_2, serial_bayou_shore_a, uniq_aizul
Snake:3:  basic_altar
Snake:4:  grunt_snake_rune_pools, grunt_megastairs_3
Orc:1:    serial_shops, shop
Orc:3:    serial_shops, nicolae_shop_trees, portal_ice_cave_entry_pillars_01,
          nicolae_orc_pool_cavern, hangedman_minor_magic
Orc:4:    st_orc_elflike, basic_altar
Lab:      labyrinth_hidden_loot, nicolae_lab_statue, lab_statue,
          nicolae_lab_arrow, nicolae_lab_plus, nicolae_lab_quarters, lab_hedge,
          labyrinth_skeletal_remains
Sewer:    kennysheep_door_sewer
IceCv:    ice_cave_small_demon

Action                   |  1- 3 |  4- 6 |  7- 9 | 10-12 | 13-15 | 16-18 || total
-------------------------+-------+-------+-------+-------+-------+-------++-------
Melee: War axe           |    36 |   116 |   246 |   399 |   187 |       ||   984
       Battleaxe         |       |       |       |   341 |  1258 |   866 ||  2465
       Glaive            |       |       |       |       |    10 |     3 ||    13
 Fire: Blowgun           |       |       |    30 |    13 |       |       ||    43
       Hand crossbow     |       |       |       |       |     7 |       ||     7
Throw: Stone             |     3 |     9 |       |       |       |       ||    12
Invok: Heroism           |       |       |       |     1 |     1 |     1 ||     3
       Finesse           |       |       |       |       |     1 |     2 ||     3
Evoke: Wand              |       |     1 |       |     3 |       |       ||     4
  Use: Scroll            |       |       |     8 |    10 |    16 |     4 ||    38
 Stab: Distracted        |       |       |       |       |     1 |       ||     1
       Petrifying        |       |       |       |       |       |     1 ||     1
       Petrified         |       |       |       |       |       |     1 ||     1
  Eat: Chunk             |       |     5 |    12 |    25 |    33 |    19 ||    94
       Fruit             |       |       |       |     4 |     3 |     4 ||    11
       Meat ration       |       |       |       |       |     1 |       ||     1
